TOP OF THE 1ST |
Vermont Lake Monsters batting - Pitching for Port Royal Disaster : RHP Elton Mobley
|
Pitching: RHP Elton Mobley
|
|
Batting: RHB Rodrigo Velasco
|
0-0: Ball 1-0: Fly out, F8 (Line Drive, 8RXD)
|
Batting: RHB Gene Lucero
|
0-0: Foul Ball, location: 2F 0-1: Ball 1-1: Foul Ball, location: 2F 1-2: Fly out, F9 (Flyball, 89S)
|
Batting: RHB Ray John
|
0-0: Foul Ball, location: 2F 0-1: Fly out, F9 (Flyball, 9LSF)
|
Top of the 1st over - 0 run(s), 0 hit(s), 0 error(s), 0 left on base; Vermont 0 - Port Royal 0 |
BOTTOM OF THE 1ST |
Port Royal Disaster batting - Pitching for Vermont Lake Monsters : RHP Bayram Tanaoglu
|
Pitching: RHP Bayram Tanaoglu
|
|
Batting: LHB Ricky Payton
|
0-0: Ball 1-0: Ball 2-0: Called Strike 2-1: Foul Ball, location: 2F 2-2: Foul Ball, location: 2F 2-2: SINGLE (Line Drive, 7S)
|
Batting: RHB Zach Lewis
|
0-0: Foul Ball, location: 2F 0-1: Called Strike 0-2: Ball 1-2: Strikes out swinging
|
Batting: RHB David McJannett
|
0-0: Ball 1-0: DOUBLE (Flyball, 78D) Ricky Payton to third Runner from 3rd tries for Home, SAFE, no throw
|
Batting: RHB Marvin Hunter
|
0-0: Foul Ball, location: 2F 0-1: Ball 1-1: Foul Ball, location: 2F 1-2: SINGLE (Groundball, 56) (infield hit) David McJannett to third
|
Batting: RHB Brandon Cooper
|
0-0: Called Strike 0-1: Ball 1-1: SINGLE (Flyball, 9LS) David McJannett scores Marvin Hunter to second Runner from 2nd tries for 3rd, SAFE, no throw
|
Batting: RHB Ronnie Cleveland
|
0-0: Ball 1-0: Foul Ball, location: 2F 1-1: Foul Ball, location: 2F 1-2: Ball 2-2: Ball 3-2: SINGLE (Groundball, 6MD) Marvin Hunter scores Brandon Cooper to second Runner from 2nd tries for 3rd, SAFE, throw made to third
|
Batting: RHB Loren Stallings
|
0-0: Grounds into double play, 6-4-3 (Groundball, 6)
|
Bottom of the 1st over - 3 run(s), 5 hit(s), 0 error(s), 1 left on base; Vermont 0 - Port Royal 3 |
TOP OF THE 2ND |
Vermont Lake Monsters batting - Pitching for Port Royal Disaster : RHP Elton Mobley
|
Batting: RHB Zelmar Barajas
|
0-0: Ground out 1-3 (Groundball, 13)
|
Batting: RHB Augusto Encarnación
|
0-0: Called Strike 0-1: Ball 1-1: Fly out, F8 (Flyball, 8LD)
|
Batting: RHB Rafael Pueblo
|
0-0: Ball 1-0: Foul Ball, location: 2F 1-1: Ball 2-1: Ground out U3 (Groundball, 34)
|
Top of the 2nd over - 0 run(s), 0 hit(s), 0 error(s), 0 left on base; Vermont 0 - Port Royal 3 |
BOTTOM OF THE 2ND |
Port Royal Disaster batting - Pitching for Vermont Lake Monsters : RHP Bayram Tanaoglu
|
Batting: LHB Bob Daugherty
|
0-0: Called Strike 0-1: Fly out, F6 (Popup, 6D)
|
Batting: RHB Nelson Abbey
|
0-0: Called Strike 0-1: Swinging Strike 0-2: Ball 1-2: Strikes out swinging
|
Batting: LHB Ricky Payton
|
0-0: Ball 1-0: Ball 2-0: DOUBLE (Line Drive, 7LS)
|
Batting: RHB Zach Lewis
|
0-0: Called Strike 0-1: Foul Ball, location: 2F 0-2: Foul Ball, location: 2F 0-2: Foul Ball, location: 2F 0-2: Ball 1-2: SINGLE (Groundball, 56D) Ricky Payton to third Runner from 3rd tries for Home, SAFE, no throw
|
Batting: RHB David McJannett
|
0-0: Called Strike 0-1: Foul Ball, location: 2F 0-2: Ball 1-2: Fly out, F8 (Flyball, 8RD)
|
Bottom of the 2nd over - 1 run(s), 2 hit(s), 0 error(s), 1 left on base; Vermont 0 - Port Royal 4 |
TOP OF THE 3RD |
Vermont Lake Monsters batting - Pitching for Port Royal Disaster : RHP Elton Mobley
|
Batting: RHB Demeter Valverde
|
0-0: Swinging Strike 0-1: Ball 1-1: Ball 2-1: Ball 3-1: Swinging Strike 3-2: Strikes out swinging
|
Batting: SHB Enrico Mejía
|
0-0: Ground out 6-3 (Groundball, 6S)
|
Batting: RHB José Alcalá
|
0-0: Called Strike 0-1: Foul Ball, location: 2F 0-2: Foul Ball, location: 2F 0-2: Foul Ball, location: 2F 0-2: Foul Ball, location: 2F 0-2: Strikes out swinging
|
Top of the 3rd over - 0 run(s), 0 hit(s), 0 error(s), 0 left on base; Vermont 0 - Port Royal 4 |
BOTTOM OF THE 3RD |
Port Royal Disaster batting - Pitching for Vermont Lake Monsters : RHP Bayram Tanaoglu
|
Batting: RHB Marvin Hunter
|
0-0: Called Strike 0-1: Foul Ball, location: 2F 0-2: Ball 1-2: Fly out, F9 (Flyball, 9LS)
|
Batting: RHB Brandon Cooper
|
0-0: Foul Ball, location: 2F 0-1: Ball 1-1: Ball 2-1: Foul Ball, location: 2F 2-2: Ball 3-2: SINGLE (Line Drive, 8LS)
|
Batting: RHB Ronnie Cleveland
|
0-0: Ball 1-0: Ball 2-0: Called Strike 2-1: Foul Ball, location: 2F 2-2: Ball 3-2: Base on Balls Brandon Cooper to second
|
Batting: RHB Loren Stallings
|
0-0: Ball 1-0: Called Strike 1-1: Swinging Strike 1-2: Foul Ball, location: 2F 1-2: Ball 2-2: Foul Ball, location: 2F 2-2: Fly out, F2 (Popup, 15S)
|
Batting: LHB Bob Daugherty
|
0-0: Foul Ball, location: 2F 0-1: Ground out 1-3 (Groundball, 15S)
|
Bottom of the 3rd over - 0 run(s), 1 hit(s), 0 error(s), 2 left on base; Vermont 0 - Port Royal 4 |
TOP OF THE 4TH |
Vermont Lake Monsters batting - Pitching for Port Royal Disaster : RHP Elton Mobley
|
Batting: RHB Rodrigo Velasco
|
0-0: Called Strike 0-1: Ball 1-1: SINGLE (Flyball, 9LS)
|
Batting: RHB Gene Lucero
|
0-0: Ground out 4-3 (Groundball, 4MS) Rodrigo Velasco to second
|
Batting: RHB Ray John
|
0-0: Foul Ball, location: 2F 0-1: Ground out 4-3 (Groundball, 34) Rodrigo Velasco to third
|
Batting: RHB Zelmar Barajas
|
0-0: Ball 1-0: Ball 2-0: Fly out, F3 (Line Drive, 3S)
|
Top of the 4th over - 0 run(s), 1 hit(s), 0 error(s), 1 left on base; Vermont 0 - Port Royal 4 |
BOTTOM OF THE 4TH |
Port Royal Disaster batting - Pitching for Vermont Lake Monsters : RHP Bayram Tanaoglu
|
Batting: RHB Nelson Abbey
|
0-0: Ball 1-0: Ground out 5-3 (Groundball, 56)
|
Batting: LHB Ricky Payton
|
0-0: Swinging Strike 0-1: Swinging Strike 0-2: Foul Ball, location: 2F 0-2: Fly out, F9 (Line Drive, 9)
|
Batting: RHB Zach Lewis
|
0-0: Called Strike 0-1: Ball 1-1: Ground out 5-3 (Groundball, 56)
|
Bottom of the 4th over - 0 run(s), 0 hit(s), 0 error(s), 0 left on base; Vermont 0 - Port Royal 4 |
TOP OF THE 5TH |
Vermont Lake Monsters batting - Pitching for Port Royal Disaster : RHP Elton Mobley
|
Batting: RHB Augusto Encarnación
|
0-0: Ball 1-0: Ball 2-0: Called Strike 2-1: Foul Ball, location: 2F 2-2: Ground out 1-3 (Groundball, P)
|
Batting: RHB Rafael Pueblo
|
0-0: Called Strike 0-1: Ball 1-1: Ball 2-1: Foul Ball, location: 2F 2-2: Ball 3-2: Foul Ball, location: 2F 3-2: Foul Ball, location: 2F 3-2: Fly out, F4 (Popup, 4S)
|
Batting: RHB Demeter Valverde
|
0-0: Ball 1-0: Foul Ball, location: 2F 1-1: Called Strike 1-2: Ball 2-2: SINGLE (Flyball, 8RS)
|
Batting: SHB Enrico Mejía
|
0-0: Ground out 4-3 (Groundball, 4M)
|
Top of the 5th over - 0 run(s), 1 hit(s), 0 error(s), 1 left on base; Vermont 0 - Port Royal 4 |
BOTTOM OF THE 5TH |
Port Royal Disaster batting - Pitching for Vermont Lake Monsters : RHP Bayram Tanaoglu
|
Batting: RHB David McJannett
|
0-0: Ball 1-0: Foul Ball, location: 2F 1-1: Ball 2-1: Foul Ball, location: 2F 2-2: Ball 3-2: Foul Ball, location: 2F 3-2: DOUBLE (Line Drive, 78D)
|
Batting: RHB Marvin Hunter
|
0-0: Ball 1-0: Called Strike 1-1: Foul Ball, location: 2F 1-2: Ball 2-2: Ground out 6-3 (Groundball, 6)
|
Batting: RHB Brandon Cooper
|
0-0: Ball 1-0: Foul Ball, location: 2F 1-1: Ball 2-1: Ball 3-1: Called Strike 3-2: Base on Balls
|
Batting: RHB Ronnie Cleveland
|
0-0: Called Strike 0-1: Ball 1-1: Foul Ball, location: 2F 1-2: Strikes out swinging
|
Batting: RHB Loren Stallings
|
0-0: Swinging Strike 0-1: Ball 1-1: Fielders Choice at 2nd, 4-6 (Groundball, 4)
|
Bottom of the 5th over - 0 run(s), 1 hit(s), 0 error(s), 1 left on base; Vermont 0 - Port Royal 4 |
TOP OF THE 6TH |
Vermont Lake Monsters batting - Pitching for Port Royal Disaster : RHP Elton Mobley
|
Batting: RHB José Alcalá
|
0-0: Foul Ball, location: 2F 0-1: Ball 1-1: Ball 2-1: Called Strike 2-2: Ball 3-2: Fly out, F9 (Flyball, 9S)
|
Batting: RHB Rodrigo Velasco
|
0-0: Ball 1-0: Ball 2-0: Called Strike 2-1: Fly out, F7 (Flyball, 7D)
|
Batting: RHB Gene Lucero
|
0-0: Ball 1-0: Ball 2-0: Ball 3-0: Called Strike 3-1: SINGLE (Groundball, 56D)
|
Batting: RHB Ray John
|
0-0: Fly out, F4 (Popup, 4D)
|
Top of the 6th over - 0 run(s), 1 hit(s), 0 error(s), 1 left on base; Vermont 0 - Port Royal 4 |
BOTTOM OF THE 6TH |
Port Royal Disaster batting - Pitching for Vermont Lake Monsters : RHP Bayram Tanaoglu
|
Batting: LHB Bob Daugherty
|
0-0: Ball 1-0: Swinging Strike 1-1: Swinging Strike 1-2: Fly out, F7 (Flyball, 7)
|
Batting: RHB Nelson Abbey
|
0-0: Swinging Strike 0-1: Foul Ball, location: 2F 0-2: Ball 1-2: Ball 2-2: Ball 3-2: SINGLE (Groundball, 6MD)
|
Pitching: LHP Hwen-thiang Qin
|
|
Batting: LHB Ricky Payton
|
0-0: Ball 1-0: Swinging Strike 1-1: Called Strike 1-2: Ball 2-2: Strikes out swinging
|
Batting: RHB Zach Lewis
|
0-0: Ball 1-0: SINGLE (Flyball, 7LM) Nelson Abbey to second
|
Batting: RHB David McJannett
|
0-0: Called Strike 0-1: Ball 1-1: Ball 2-1: Ball 3-1: Foul Ball, location: 2F 3-2: Strikes out swinging
|
Bottom of the 6th over - 0 run(s), 2 hit(s), 0 error(s), 2 left on base; Vermont 0 - Port Royal 4 |
TOP OF THE 7TH |
Vermont Lake Monsters batting - Pitching for Port Royal Disaster : RHP Elton Mobley
|
Batting: RHB Zelmar Barajas
|
0-0: Foul Ball, location: 2F 0-1: Ball 1-1: Ball 2-1: Swinging Strike 2-2: Strikes out swinging
|
Batting: RHB Augusto Encarnación
|
0-0: Called Strike 0-1: Ball 1-1: Foul Ball, location: 2F 1-2: Ball 2-2: Ball 3-2: Foul Ball, location: 2F 3-2: Strikes out swinging
|
Batting: RHB Rafael Pueblo
|
0-0: Called Strike 0-1: Foul Ball, location: 2F 0-2: SINGLE (Line Drive, 78S)
|
Pitching: RHP Ray Mangas
|
|
Batting: RHB Demeter Valverde
|
0-0: Ball Wild Pitch! Rafael Pueblo to second 1-0: Foul Ball, location: 2F 1-1: Ball 2-1: Swinging Strike 2-2: Strikes out swinging
|
Top of the 7th over - 0 run(s), 1 hit(s), 0 error(s), 1 left on base; Vermont 0 - Port Royal 4 |
BOTTOM OF THE 7TH |
Port Royal Disaster batting - Pitching for Vermont Lake Monsters : LHP Hwen-thiang Qin
|
Batting: RHB Marvin Hunter
|
0-0: Foul Ball, location: 2F 0-1: Called Strike 0-2: Ball 1-2: Fly out, F8 (Flyball, 8RD)
|
Batting: RHB Brandon Cooper
|
0-0: Called Strike 0-1: Ball 1-1: DOUBLE (Line Drive, 7)
|
Batting: RHB Ronnie Cleveland
|
0-0: Intentional Walk
|
Batting: RHB Loren Stallings
|
0-0: Fielders Choice at 2nd, 6-4 (Groundball, 6M) Brandon Cooper to third
|
Batting: LHB Bob Daugherty
|
0-0: Ball 1-0: Ball 2-0: Fielders Choice at 2nd, 5-4 (Groundball, 5)
|
Bottom of the 7th over - 0 run(s), 1 hit(s), 0 error(s), 1 left on base; Vermont 0 - Port Royal 4 |
TOP OF THE 8TH |
Vermont Lake Monsters batting - Pitching for Port Royal Disaster : RHP Ray Mangas
|
Batting: SHB Enrico Mejía
|
0-0: Ball 1-0: Called Strike 1-1: Ball 2-1: Ball 3-1: Swinging Strike 3-2: Foul Ball, location: 2F 3-2: Base on Balls
|
Batting: RHB José Alcalá
|
0-0: Called Strike 0-1: Ball 1-1: 2-RUN HOME RUN (Line Drive, 7D), Distance : 379 ft
|
Batting: RHB Rodrigo Velasco
|
0-0: Ball 1-0: Called Strike 1-1: Called Strike 1-2: Strikes out swinging
|
Batting: RHB Gene Lucero
|
0-0: Swinging Strike 0-1: Foul Ball, location: 2F 0-2: Strikes out swinging
|
Batting: RHB Ray John
|
0-0: Ball 1-0: Called Strike 1-1: Foul Ball, location: 2F 1-2: Foul Ball, location: 2F 1-2: Foul Ball, location: 2F 1-2: Strikes out swinging
|
Top of the 8th over - 2 run(s), 1 hit(s), 0 error(s), 0 left on base; Vermont 2 - Port Royal 4 |
BOTTOM OF THE 8TH |
Port Royal Disaster batting - Pitching for Vermont Lake Monsters : LHP Hwen-thiang Qin
|
Batting: RHB Nelson Abbey
|
0-0: Foul Ball, location: 2F 0-1: SINGLE (Line Drive, 78M)
|
Batting: LHB Ricky Payton
|
0-0: Called Strike 0-1: Sac Bunt - play at first, batter OUT! 1-3 Nelson Abbey to second
|
Batting: RHB Zach Lewis
|
0-0: Ball 1-0: Foul Ball, location: 2F 1-1: Ball 2-1: Ball 3-1: Base on Balls
|
Batting: RHB David McJannett
|
0-0: 3-RUN HOME RUN (Flyball, 78XD), Distance : 422 ft
|
Pitching: RHP Jon Shirley
|
|
Batting: RHB Marvin Hunter
|
0-0: Called Strike 0-1: Swinging Strike 0-2: Ball 1-2: Strikes out swinging
|
Batting: RHB Brandon Cooper
|
0-0: Foul Ball, location: 2F 0-1: Foul Ball, location: 2F 0-2: Ball 1-2: Ball 2-2: Ball 3-2: Fly out, F2 (Popup, 25)
|
Bottom of the 8th over - 3 run(s), 2 hit(s), 0 error(s), 0 left on base; Vermont 2 - Port Royal 7 |
TOP OF THE 9TH |
Vermont Lake Monsters batting - Pitching for Port Royal Disaster : RHP Ray Mangas
|
Pitching: RHP Omar Casteneda
|
|
Now at 1B: Arsenio Sameiro
|
|
Batting: RHB Zelmar Barajas
|
0-0: Called Strike 0-1: Ground out 3-1 (Groundball, 34S)
|
Batting: RHB Augusto Encarnación
|
0-0: Called Strike 0-1: Swinging Strike 0-2: Strikes out swinging
|
Batting: RHB Rafael Pueblo
|
0-0: Called Strike 0-1: Called Strike 0-2: Ball 1-2: Foul Ball, location: 2F 1-2: Strikes out swinging
|
Top of the 9th over - 0 run(s), 0 hit(s), 0 error(s), 0 left on base; Vermont 2 - Port Royal 7 |
|